 Dungeon Crawl Stone Soup version 0.23.0 (webtiles) character file.

Game seed: 6981700761458320795

230 MalarOregon the Spear-Bearer (level 6, 0/44 HPs)
             Began as a Merfolk Skald on Feb 17, 2019.
             Was an Initiate of Makhleb.
             Slain by an adder (5 damage)
             ... on level 4 of the Dungeon.
             The game lasted 00:05:32 (3433 turns).

MalarOregon the Spear-Bearer (Merfolk Skald)        Turns: 3433, Time: 00:05:33

Health: 0/44       AC:  3    Str: 13    XL:     6   Next: 3%
Magic:  9/9        EV: 12    Int: 13    God:    Makhleb [......]
Gold:   109        SH:  0    Dex: 13    Spells: 2/9 levels left

rFire    . . .     SeeInvis .   a - +3 trident
rCold    . . .     Gourm    .   (no shield)
rNeg     . . .     Faith    .   b - +0 leather armour
rPois    .         Spirit   .   (no helmet)
rElec    .         Reflect  .   (no cloak)
rCorr    .         Harm     .   (no gloves)
MR       .....                  (no boots)
Stlth    +.........             (no amulet)
HPRegen  0.14/turn              (no ring)
MPRegen  0.11/turn              (no ring)

@: lethally poisoned (0 -> -8)
A: change form in water, swift swim, stealthy swim
a: Renounce Religion


You were on level 4 of the Dungeon.
You worshipped Makhleb.
Makhleb was noncommittal.
You were not hungry.

You visited 1 branch of the dungeon, and saw 4 of its levels.

You collected 109 gold pieces.

Inventory:

Hand Weapons
 a - a +3 trident (weapon)
   (You took it off an orc on level 3 of the Dungeon)
Armour
 b - a +0 leather armour (worn)
Jewellery
 r - an uncursed amulet of faith {unknown}
   (You found it on level 3 of the Dungeon)
Scrolls
 d - a scroll of random uselessness {unknown}
 i - a scroll of immolation {unknown}
 k - 2 scrolls of enchant weapon {unknown}
 l - 2 scrolls of fog {unknown}
 m - 5 scrolls of teleportation {unknown}
 n - 2 scrolls of enchant armour {unknown}
 o - 3 scrolls of identify {unknown}
Potions
 c - a potion of mutation {unknown}
 g - 2 potions of heal wounds {unknown}
 h - a potion of lignification {unknown}
 j - a potion of degeneration {unknown}
 p - 2 potions of curing {unknown}
 q - a potion of might {unknown}
Comestibles
 e - 6 rations {!d}


   Skills:
 - Level 2.1 Fighting
 + Level 8.8 Polearms
 - Level 0.6 Armour
 - Level 2.6 Dodging
 - Level 2.0 Spellcasting
 - Level 3.2 Charms


You had 2 spell levels left.
You knew the following spells:

 Your Spells              Type           Power        Failure   Level  Hunger
a - Infusion              Chrm           #...         9%          1    ##.....
e - Regeneration          Chrm/Necr      #.........   45%         3    ####...
t - Spectral Weapon       Hex/Chrm       #.......     45%         3    ####...

Your spell library contained the following spells:

 Spells                   Type           Power        Failure   Level  Hunger
 Song of Slaying          Chrm           #.......     13%         2    ###....
 Shroud of Golubria       Chrm/Tloc      #.........   26%         2    ###....
 Corona                   Hex            #......      32%         1    ##.....
 Ensorcelled Hibernation  Hex/Ice        #.....       43%         2    ###....
 Confuse                  Hex            #.......     67%         3    ####...
 Dazzling Spray           Conj/Hex       #.....       67%         3    ####...
 Tukima's Dance           Hex            #.......     67%         3    ####...


Dungeon Overview and Level Annotations

Branches:
Dungeon (4/15)
 Temple: D:4-7

Altars:
Makhleb

Annotations:
D:2 Sigmund


Message History

The dart slug launches a dart at you. The slug dart misses you.
The slug dart hits the dart slug.
Attack whom?
Aim: a dart slug (heavily wounded)
You reach to attack!
You hit the dart slug.
Attack whom?
Aim: a dart slug (severely wounded)
You reach to attack!
You hit the dart slug. The adder bites you.
You closely miss the adder. The adder barely misses you.
You hit the adder. The adder bites you.
You hit the adder. The adder bites you.
You are poisoned.
The adder poisons you! The dart slug launches a dart at you.
The slug dart hits you. The adder barely misses you.
You barely miss the adder.
You feel sick. The adder misses you.
You miss the adder.
The worker ant twitches its antennae in your direction.
The dart slug bites you. The dart slug launches a dart at you.
The slug dart hits you.
* * * LOW HITPOINT WARNING * * *
The adder closely misses you.
You are too injured to fight recklessly!
You closely miss the adder. The adder bites you.
* * * LOW HITPOINT WARNING * * *
You are more poisoned.
The adder poisons you! The dart slug barely misses you.
You feel sick. The adder bites you.
* * * LOW HITPOINT WARNING * * *
You feel sick. The dart slug launches a dart at you. The slug dart misses you.
You feel sick.
The worker ant waves its antennae.
The adder bites you.
* * * LOW HITPOINT WARNING * * *
You are lethally poisoned!
The adder poisons you!
* * * LOW HITPOINT WARNING * * *
You feel sick. The dart slug launches a dart at you. The slug dart hits you.
* * * LOW HITPOINT WARNING * * *
There is a stone staircase leading up here.
Unknown command.
Unknown command.
* * * LOW HITPOINT WARNING * * *
You feel sick. The adder bites you.
You die...

#...≈≈.≈≈...
#..≈≈#≈≈#≈.##
.#####≈≈≈≈≈≈≈≈≈≈≈#.
.....≈≈≈≈≈.!.##≈#≈.
.....≈≈≈≈.≈.%≈≈#≈≈.
...#a≈≈≈≈w<≈≈≈≈≈≈≈
...≈≈≈†≈≈≈w.≈≈≈≈≈≈≈
...≈≈≈w≈≈#.$(≈≈≈≈≈≈
....≈≈≈≈≈≈S@.≈≈≈≈≈≈
...≈≈≈≈≈≈≈.$.≈≈≈≈≈#
...≈#≈≈≈≈#≈.≈≈#≈≈≈≈
....≈w≈≈≈≈.⌠≈≈≈≈≈≈≈
.....≈≈≈≈≈...≈≈≈≈≈w
..!.≈≈≈≈≈.)#≈≈≈≈≈.
#.#.##≈w≈≈≈≈≈≈≈≈..
## ..#≈≈≈≈≈≈....


You could see an adder and 6 dart slugs.

Vanquished Creatures
  A crimson imp (D:2)
  An orc wizard (D:3)
  Ijyb (D:2)
  4 adders
  4 dart slugs
  4 leopard geckos
  10 orcs (D:3)
  2 giant cockroaches
  11 hobgoblins
  4 jackals (D:3)
  8 kobolds
  A quokka (D:2)
  5 bats
  5 frilled lizards
  11 goblins
  8 rats
80 creatures vanquished.

Notes
Turn   | Place    | Note
-------+----------+-------------------------------------------
     0 | D:1      | MalarOregon the Merfolk Skald began the quest for the Orb.
     0 | D:1      | Reached XP level 1. HP: 16/16 MP: 3/3
    74 | D:1      | Reached skill level 4 in Polearms
    74 | D:1      | Reached XP level 2. HP: 20/22 MP: 5/5
   487 | D:1      | Reached skill level 5 in Polearms
   487 | D:1      | Reached XP level 3. HP: 16/27 MP: 6/6
   836 | D:2      | Noticed Sigmund
  1145 | D:2      | Reached skill level 6 in Polearms
  1194 | D:2      | Reached XP level 4. HP: 19/33 MP: 7/7
  1636 | D:2      | Noticed Ijyb
  1756 | D:1      | Learned a level 3 spell: Regeneration
  1760 | D:1      | Learned a level 3 spell: Spectral Weapon
  1942 | D:2      | Killed Ijyb
  1942 | D:2      | Reached skill level 7 in Polearms
  2152 | D:2      | Found a burning altar of Makhleb.
  2168 | D:2      | Reached XP level 5. HP: 38/38 MP: 8/8
  2171 | D:2      | Became a worshipper of Makhleb the Destroyer
  2669 | D:3      | Reached skill level 8 in Polearms
  3007 | D:3      | Reached XP level 6. HP: 25/44 MP: 9/9
  3433 | D:4      | Slain by an adder

Skill      XL: |  1  2  3  4  5 |
---------------+----------------+-----
Polearms       | 4 5 6 7 8 |  8.8
Fighting       | |  2.1
Armour         | |  0.6
Dodging        | |  2.6
Spellcasting   | |  2.0
Charms         | |  3.2

Action                   |  1- 3 |  4- 6 || total
-------------------------+-------+-------++-------
Melee: Spear             |   146 |   176 ||   322
       Trident           |       |    50 ||    50
 Stab: Sleeping          |     1 |     1 ||     2
  Eat: Chunk             |     1 |     7 ||     8
Armor: Leather armour    |    18 |    17 ||    35
Dodge: Dodged            |    63 |    87 ||   150
